 Dungeon Crawl Stone Soup version 0.22.1 (webtiles) character file.

3392 PaladinM the Carver (level 10, 0/79 HPs)
             Began as a Human Warper on Sept 17, 2018.
             Was a Believer of the Shining One.
             Slain by a wyvern (13 damage)
             ... on level 7 of the Dungeon.
             The game lasted 00:32:14 (8626 turns).

PaladinM the Carver (Human Warper)                  Turns: 8626, Time: 00:32:15

Health: 0/79       AC:  0    Str: 17    XL:     10   Next: 24%
Magic:  13/13      EV: 15    Int: 13    God:    the Shining One [**....]
Gold:   258        SH:  0    Dex: 19    Spells: 6/13 levels left

rFire    + . .     SeeInvis .   B - +1 falchion (freeze)
rCold    x . .     Gourm    .   (no shield)
rNeg     + . .     Faith    .   w - +3 leather armour of Qeghi {*Corrode rElec Regen+ Dex+4}
rPois    .         Spirit   .   (no helmet)
rElec    +         Reflect  .   (no cloak)
rCorr    .         Harm     .   m - +0 pair of gloves
MR       .....                  (no boots)
Stlth    +.........             (no amulet)
HPRegen  0.63/turn              C - +4 ring of strength
MPRegen  0.13/turn              b - ring of fire

@: confused, corroded, glowing
A: no striking features
a: Divine Shield, Renounce Religion


You were on level 7 of the Dungeon.
You worshipped the Shining One.
The Shining One was pleased with you.
You were not hungry.

You visited 2 branches of the dungeon, and saw 9 of its levels.
You also visited: Ossuary.

You collected 447 gold pieces.
You spent 189 gold pieces at shops.

Inventory:

Hand Weapons
 B - a +1 falchion of freezing (weapon)
Missiles
 a - 5 tomahawks (quivered)
 e - 5 tomahawks of dispersal
 v - 5 tomahawks of returning
Armour
 m - a +0 pair of gloves (worn)
 w - the +3 leather armour of Qeghi (worn) {*Corrode rElec Regen+ Dex+4}
   (You bought it in a shop on level 4 of the Dungeon)

   It affects your dexterity (+4).
   It insulates you from electricity.
   It increases your rate of regeneration.
   It may corrode you when you take damage.
Jewellery
 b - a ring of fire (right hand)
 s - an uncursed ring of positive energy
 C - a +4 ring of strength (left hand)
Wands
 z - a wand of iceblast (5)
 A - a wand of flame (9)
Scrolls
 c - a scroll of noise {unknown}
 g - 4 scrolls of remove curse
 h - a scroll of silence {unknown}
 i - 5 scrolls of teleportation
 l - 4 scrolls of enchant armour
 r - 4 scrolls of fog
 t - 2 scrolls of random uselessness {unknown}
 y - 3 scrolls of enchant weapon
 F - a scroll of immolation {unknown}
Potions
 j - a potion of degeneration {unknown}
 k - 2 potions of mutation {unknown}
 n - 2 potions of ambrosia
 o - 3 potions of flight {unknown}
 p - 3 potions of agility {unknown}
 q - 4 potions of curing
 u - 3 potions of might
 x - a potion of cancellation {unknown}
 E - 2 potions of berserk rage {unknown}
 G - a potion of brilliance {unknown}
Comestibles
 d - 2 chunks of flesh
 f - 7 rations


   Skills:
 - Level 7.1 Fighting
 + Level 10.6 Long Blades
 - Level 1.0 Throwing
 + Level 3.7 Armour
 - Level 5.1 Dodging
 - Level 2.0 Spellcasting
 - Level 3.0 Translocations


You had 6 spell levels left.
You knew the following spells:

 Your Spells              Type           Power        Failure   Level  Hunger
a - Shroud of Golubria    Chrm/Tloc      #.........   24%         2    ###....
b - Blink                 Tloc           N/A          13%         2    ###....
c - Gell's Gravitas       Tloc           #.........   26%         3    ####...

Your spell library contained the following spells:

 Spells                   Type           Power        Failure   Level  Hunger
 Lesser Beckoning         Tloc           #.........   26%         3    ####...
 Teleport Other           Tloc           #.......     26%         3    ####...
 Passage of Golubria      Tloc           N/A          65%         4    #####..


Dungeon Overview and Level Annotations

Branches:
Dungeon (8/15)             Temple (1/1) D:5
   Lair: D:8-11

Altars:
Ashenzari
Cheibriados
Dithmenos
Elyvilon
Fedhas
Gozag
Hepliaklqana
Kikubaaqudgha
Makhleb
Nemelex Xobeh
Okawaru
Qazlal
Ru
Sif Muna
Trog
Uskayaw
Vehumet
Wu Jian
Xom
Yredelemnul
Zin
The Shining One

Shops:
D:4 [

Annotations:
D:3 Terence
D:8 Erica


Message History

The wyvern is almost dead.
The wyvern bites you.
Your corrosive artefact corrodes you!
You hit the wyvern but do no damage.
The wyvern is almost dead.
The wyvern bites you!
* * * LOW HITPOINT WARNING * * *
Your shroud falls apart!
You completely miss the wyvern.
The wyvern is almost dead.
The wyvern closely misses you.
You hit the wyvern but do no damage.
The wyvern is almost dead.
The wyvern barely misses you. The wyvern bites you!
* * * LOW HITPOINT WARNING * * *
Okay, then.
Okay, then.
Okay, then.
You are confused.
You feel invigorated. The wyvern bites you!
You die...

.##.# ##########.#.......# .##.#
#.......##.#.#####.# ....#
#.......##.#.#####.# .####
#.......##.........# .#
#.......##.#.##....# .#
#.......##.#.......# .##
#.......##.#......## ..#
#.......##l#..##..# #.#
####.#####@#......#
#.#####......###..>....##
#.......#...........#####
#.#####.#.......##..###.##
#.#####.#.......#...##...##
#....##.#..#........#.....#######
#.##.##.#..#.....#...............
#.##.........#..###.......#.P.PPP
#....(..#......##_##.....##.P(P.P


You could see a wyvern.

Vanquished Creatures
  Grinder (D:5)
  3 yaks
  A basilisk (D:7)
  A porcupine (D:8)
  2 orc warriors (D:6)
  2 phantoms
  3 ogres
  2 centaurs
  4 crocodiles
  2 bullfrogs
  4 scorpions
  4 killer bees (D:7)
  A bullfrog zombie (D:2)
  2 crimson imps (D:5)
  5 hounds
  A jelly (D:5)
  2 orc wizards
  A bullfrog skeleton (D:5)
  A centaur skeleton (D:6)
  2 iguanas (D:6)
  5 worker ants
  2 hound zombies
  4 mummies
  A worker ant zombie (D:5)
  4 gnolls (D:5)
  10 adders
  A shadow imp (D:6)
  An ooze (D:4)
  3 adder zombies (Ossuary)
  3 worms (D:2)
  2 dart slugs
  6 leopard geckos
  20 orcs
  A ball python (D:1)
  4 giant cockroaches
  9 goblins
  6 hobgoblins
  15 jackals
  6 quokkas
  10 bats
  3 frilled lizards
  A gnoll zombie (Ossuary)
  2 goblin zombies (Ossuary)
  A hobgoblin zombie (Ossuary)
  10 kobolds
  4 kobold zombies (Ossuary)
  An orc zombie (Ossuary)
  4 quokka zombies (Ossuary)
  8 rats
  2 rat zombies (Ossuary)
  A bush (D:7)
194 creatures vanquished.

Vanquished Creatures (others)
  A bullfrog zombie (D:8)
  A frilled lizard (D:2)
  A bush (D:7)
  4 fungi (D:8)
  3 plants (D:8)
10 creatures vanquished.

Grand Total: 204 creatures vanquished

Notes
Turn   | Place    | Note
-------+----------+-------------------------------------------
     0 | D:1      | PaladinM the Human Warper began the quest for the Orb.
     0 | D:1      | Reached XP level 1. HP: 16/16 MP: 3/3
   115 | D:1      | Reached XP level 2. HP: 22/22 MP: 5/5
   127 | D:1      | Learned a level 2 spell: Shroud of Golubria
   136 | D:1      | Learned a level 2 spell: Blink
   177 | D:1      | Reached skill level 3 in Long Blades
   254 | D:1      | Reached XP level 3. HP: 24/27 MP: 6/6
   812 | D:2      | Found a faded altar of an unknown god.
  1395 | D:2      | Found a shattered altar of Ashenzari.
  1499 | D:2      | Reached skill level 4 in Long Blades
  1499 | D:2      | Reached XP level 4. HP: 33/33 MP: 4/7
  1791 | D:2      | Reached XP level 5. HP: 16/38 MP: 3/8
  2270 | D:3      | Reached skill level 5 in Long Blades
  2428 | D:3      | Found an ornate altar of the Wu Jian Council.
  2605 | D:3      | Reached XP level 6. HP: 37/44 MP: 7/9
  2789 | D:3      | Found a hazy altar of Hepliaklqana.
  2831 | D:3      | Noticed Terence
  3202 | D:4      | Found Syumeghu's Antique Armour Boutique.
  3221 | D:4      | Found a stormy altar of Qazlal.
  3347 | D:4      | Reached skill level 6 in Long Blades
  3365 | D:4      | Found a glowing silver altar of Zin.
  3755 | D:4      | Bought a faintly humming leather armour for 189 gold pieces
  3765 | D:4      | Identified the +3 leather armour of Qeghi {*Corrode rElec
                  | Regen+ Dex+4} (You bought it in a shop on level 4 of the
                  | Dungeon)
  4162 | D:4      | Found a basalt altar of Yredelemnul.
  4317 | D:5      | Entered Level 5 of the Dungeon
  4375 | D:5      | Reached XP level 7. HP: 45/50 MP: 7/10
  4391 | D:5      | Reached skill level 7 in Long Blades
  4502 | D:5      | Found a staircase to the Ecumenical Temple.
  4518 | Temple   | Entered the Ecumenical Temple
  4765 | D:5      | Noticed Grinder
  4817 | D:5      | Paralysed by Grinder for 2 turns
  4846 | D:5      | Killed Grinder
  4846 | D:5      | Reached skill level 8 in Long Blades
  5023 | D:5      | Found a hide-covered altar of Uskayaw.
  5023 | D:5      | Found a burning altar of Makhleb.
  5032 | D:5      | Reached XP level 8. HP: 41/56 MP: 11/11
  5073 | D:5      | Found a sparkling altar of Nemelex Xobeh.
  5584 | D:6      | Reached skill level 9 in Long Blades
  6001 | D:6      | Found a bloodstained altar of Trog.
  6014 | D:6      | Reached skill level 10 in Long Blades
  6152 | D:6      | Reached XP level 9. HP: 52/64 MP: 7/12
  6510 | D:7      | Reached skill level 5 in Fighting
  6679 | D:7      | Learned a level 3 spell: Gell's Gravitas
  6845 | D:7      | Found a blossoming altar of Fedhas.
  7296 | D:7      | Found a glowing golden altar of the Shining One.
  7313 | D:7      | Became a worshipper of the Shining One
  7602 | D:8      | Found a sand-covered staircase.
  7614 | Ossuary  | Entered an ossuary
  7645 | Ossuary  | Reached * piety under the Shining One
  7712 | Ossuary  | Reached ** piety under the Shining One
  7785 | D:8      | Noticed Erica
  8162 | D:8      | Reached skill level 5 in Dodging
  8172 | D:7      | Reached XP level 10. HP: 51/79 MP: 13/13
  8626 | D:7      | Slain by a wyvern

Skill      XL: |  1  2  3  4  5  6  7  8  9 10 |
---------------+-------------------------------+-----
Long Blades    | 3 4 5 6 8 10 | 10.6
Fighting       | 3 7 |  7.1
Dodging        | 5 |  5.1
Armour         | 3 |  3.7
Throwing       | |  1.0
Spellcasting   | |  2.0
Translocations | |  3.0

Action                   |  1- 3 |  4- 6 |  7- 9 | 10-12 || total
-------------------------+-------+-------+-------+-------++-------
Melee: Falchion          |   120 |   322 |   574 |    64 ||  1080
Throw: Tomahawk          |       |       |     1 |       ||     1
       Javelin           |       |       |     3 |       ||     3
 Cast: Shroud of Golubri |     4 |    21 |    44 |    11 ||    80
       Blink             |       |       |     1 |       ||     1
       Gell's Gravitas   |       |       |     1 |       ||     1
  Use: Scroll            |       |     2 |     8 |       ||    10
       Potion            |       |       |       |     1 ||     1
 Stab: Sleeping          |       |       |     2 |       ||     2
  Eat: Chunk             |     1 |     5 |    11 |     4 ||    21
       Ration            |       |     2 |     2 |       ||     4
Armor: Leather armour    |    36 |    43 |   122 |     5 ||   206
       Ring mail         |       |    93 |       |       ||    93
Dodge: Dodged            |    90 |   205 |   292 |    41 ||   628
       Rpst.: Falchion   |    23 |    67 |    90 |     9 ||   189
